 Dungeon Crawl Stone Soup version 0.22-a0-86-g94e0ad4 (webtiles) character file.

73706 oplop the Nimble (level 15, 79/79 HPs)
             Began as a Spriggan Enchanter on Jan 21, 2018.
             Was the Champion of Okawaru.
             Got out of the dungeon alive.
             The game lasted 01:37:46 (26784 turns).

oplop the Nimble (Spriggan Enchanter)              Turns: 26784, Time: 01:37:47

Health: 79/79      AC: 12    Str:  4    XL:     15   Next: 4%
Magic:  31/31      EV: 32    Int: 20    God:    Okawaru [******]
Gold:   1145       SH:  0    Dex: 20    Spells: 12/37 levels left

rFire    . . .     SeeInvis +   E - +2 rapier (venom)
rCold    . . .     Gourm    .   (shield restricted)
rNeg     . . .     Faith    .   N - +0 steam dragon scales
rPois    +         Spirit   .   a - +1 hat {SInv}
rElec    .         Reflect  .   Q - +2 cloak {+Inv}
rCorr    .         Harm     .   (gloves unavailable)
MR       ++...     Clarity  +   (boots unavailable)
Stlth    +++++.....             (no amulet)
HPRegen  0.23/turn              P - ring of poison resistance
MPRegen  0.22/turn              M - +3 ring of protection

@: very quick
A: very small, unfitting armour, repulsion field 1, see invisible, clarity,
herbivore, speed 3, slow metabolism 2
a: Heroism, Finesse, Renounce Religion, Evoke Invisibility


You escaped.
You worshipped Okawaru.
Okawaru was exalted by your worship.
You were not hungry.

You visited 2 branches of the dungeon, and saw 21 of its levels.
You also visited: Labyrinth and Ossuary.

You collected 1409 gold pieces.
You spent 264 gold pieces at shops.

Inventory:

Hand Weapons
 v - a +2 rapier of draining
 E - a +2 rapier of venom (weapon)
Armour
 a - a +1 hat of see invisible (worn)
 b - a +0 robe
 c - a +0 buckler of protection
 N - +0 steam dragon scales (worn)
 Q - a +2 cloak of invisibility (worn)
 V - a +0 buckler of cold resistance
Jewellery
 g - an uncursed ring of resist corrosion
 l - an uncursed ring of stealth
 G - a +4 amulet of reflection {unknown}
 M - a +3 ring of protection (right hand)
 O - an uncursed ring of wizardry
 P - a ring of poison resistance (left hand)
 U - an uncursed ring of magical power
 W - an uncursed amulet of regeneration
Wands
 o - a wand of digging (33)
 J - a wand of iceblast (22)
 R - a wand of scattershot (4)
 Y - a wand of paralysis (25)
 Z - a wand of polymorph (27)
Scrolls
 i - 7 scrolls of teleportation
 k - 6 scrolls of amnesia
 m - 5 scrolls of immolation
 q - 5 scrolls of enchant armour
 s - 11 scrolls of remove curse
 x - 2 scrolls of fog
 y - a scroll of blinking
 A - 3 scrolls of enchant weapon
 C - a scroll of holy word
 L - a scroll of fear
Potions
 e - 5 potions of cancellation
 f - 6 potions of flight
 h - 2 potions of brilliance {unknown}
 j - 6 potions of lignification
 n - 2 potions of agility {unknown}
 p - 7 potions of curing
 r - 2 potions of might
 t - 2 potions of resistance {unknown}
 u - a potion of berserk rage {unknown}
 w - 2 potions of invisibility {unknown}
 z - 2 potions of degeneration {unknown}
 B - 6 potions of haste
 D - 9 potions of heal wounds
 H - a potion of ambrosia {unknown}
Books
 F - a book of Callings

   Spells                             Type                      Level
   a - Summon Small Mammal            Summoning                    1
   b - Call Imp                       Summoning                    2
   c - Call Canine Familiar           Summoning                    3
   d - Summon Guardian Golem          Hexes/Summoning              3
   e - Summon Lightning Spire         Summoning/Air                4
   f - Summon Ice Beast               Ice/Summoning                4
 K - a book of Enchantments

   Spells                             Type                      Level
   a - Cause Fear                     Hexes                        4
   b - Yara's Violent Unravelling     Hexes/Transmutation          5
   c - Silence                        Hexes/Air                    5
   d - Deflect Missiles               Charms/Air                   6
   e - Discord                        Hexes                        8
 S - Dispater's Grimoire of Companions
   (You found it on level 12 of the Dungeon)

   Spells                             Type                      Level
   a - Summon Butterflies             Summoning                    1
   b - Summon Guardian Golem          Hexes/Summoning              3
   c - Recall                         Summoning/Translocation      3
   d - Shadow Creatures               Summoning                    6
   e - Summon Hydra                   Summoning                    7
 T - a book of Cantrips

   Spells                             Type                      Level
   a - Confusing Touch                Hexes                        1
   b - Animate Skeleton               Necromancy                   1
   c - Summon Small Mammal            Summoning                    1
   d - Apportation                    Translocation                1
 X - a book of Battle

   Spells                             Type                      Level
   a - Infusion                       Charms                       1
   b - Shroud of Golubria             Charms/Translocation         2
   c - Song of Slaying                Charms                       2
   d - Spectral Weapon                Hexes/Charms                 3
   e - Regeneration                   Charms/Necromancy            3
Comestibles
 d - 21 rations


   Skills:
 - Level 9.2 Fighting
 + Level 12.4 Short Blades
 - Level 12.4 Dodging
 - Level 11.1 Stealth
 - Level 4.8 Shields
 - Level 11.5 Spellcasting
 - Level 4.6 Conjurations
 - Level 12.0 Hexes
 + Level 8.4 Charms
 + Level 4.0 Air Magic
 - Level 10.0 Evocations


You had 12 spell levels left.
You knew the following spells:

 Your Spells              Type           Power        Failure   Level  Hunger
a - Spectral Weapon       Hex/Chrm       ######..     1%          3    None
b - Ensorcelled Hibernat  Hex/Ice        #####.       1%          2    None
c - Confuse               Hex            ######..     1%          3    None
d - Dazzling Spray        Conj/Hex       #####.       1%          3    None
e - Tukima's Dance        Hex            ######..     1%          3    None
f - Shroud of Golubria    Chrm/Tloc      ####......   1%          2    None
g - Regeneration          Chrm/Necr      ####......   3%          3    None
h - Deflect Missiles      Chrm/Air       #####.....   56%         6    ######.


Dungeon Overview and Level Annotations

Branches:
Dungeon (15/15)            Temple (0/1) D:7            Lair (6/6) D:8
 Shoals (0/4) Lair:4        Snake (0/4) Lair:2        Slime (0/5) Lair:5
    Orc (0/2) D:12         Vaults (0/5) D:13         Depths (0/5) D:15

Altars:
Ashenzari
Dithmenos
Elyvilon
Fedhas
Gozag
Nemelex Xobeh
Okawaru
Qazlal
Ru
Trog
Vehumet
Wu Jian
The Shining One
Jiyva

Shops:
D:6 [   D:12 !   D:15 [:

Annotations:
D:13 exclusion: 3 doors
D:15 Rupert
Lair:4 exclusion: oklob plant


Innate Abilities, Weirdness & Mutations

You are very small and have problems with some larger weapons.
You are too small for most types of armour.
You have supernaturally acute eyesight. (SInv)
You are a herbivore.
You cover ground extremely quickly.
You need consume almost no food.
You are surrounded by a mild repulsion field. (EV +2)
You possess an exceptional clarity of mind.


Message History

Things that are here:
5 tomahawks of returning; a hand axe
There is a stone staircase leading up here.
You climb upwards.
There is a stone staircase leading down here.
You see here a short sword.
There is a stone staircase leading up here.
You climb upwards.
There is a stone staircase leading down here.
There is a stone staircase leading up here.
You climb upwards.
There is a stone staircase leading down here.
You open the door.
There is an open door here.
You see here 25 arrows.
You see here 2 stones.
There is an open gate here.
There is a staircase leading out of the dungeon here.
Are you sure you want to leave the Dungeon?
This will make you lose the game!
You have escaped!

#.........)...##.#
#.########..####.#
######## #.####
##.####'##### .......#
#....## ##...........
.......#
#.##..####............
.......#
#.......##...(........
.......#
#.#######.............
.......#
#.#.....#.............
.......#
#.#..@..#.............
.......#
#.#.....#.............
.......#
#.#(....#....$........
.......#
#.##'''##.......[.....
.......#
#......(...####..#####
######## ##.#.....)..#
#.># ######..[###.#.##
##.#
#..........#.#.#####.#
#.####...###.#.......#


There were no monsters in sight!

Vanquished Creatures
  Gastronok (Lair:1)
  Louise (D:15)
  A minotaur (Lab)
  4 hydras
  The ghost of nono the Fighter, a novice OgFi of the Shining One (D:6)
  A death knight (D:11)
  2 centaur warriors (D:13)
  6 two-headed ogres
  A tengu warrior (D:13)
  Urug (D:13)
  4 death yaks
  Sonja (D:13)
  The ghost of Ajdolov the Cruncher, a novice GrGl of Wu Jian (Lair:1)
  A skeletal warrior (D:15)
  An unseen horror (D:15)
  2 wizards
  A sphinx zombie (D:15)
  2 wolf spider zombies (D:15)
  2 lindwurms (Lair:6)
  2 cyclopes
  An oklob plant (Lair:1)
  8 ugly things
  2 manticores
  10 black mambas
  3 elephants (Lair:6)
  3 centaur zombies
  A torpor snail (Lair:6)
  3 gargoyles
  3 centaur skeletons
  12 spiny frogs
  An efreet (D:14)
  2 kobold demonologists (D:12)
  A freezing wraith (D:11)
  2 komodo dragons
  5 polar bears
  7 trolls
  6 meliai
  The ghost of KristoblXynda the Ruffian, an amateur DrTm (D:4)
  9 slime creatures
  5 blink frogs
  10 hippogriffs
  7 dream sheep (Lair:6)
  A meliai zombie (D:12)
  40 yaks
  2 wyverns
  6 wraiths
  A water elemental (D:14)
  4 basilisks
  2 hogs (D:7)
  17 humans
  A steam dragon (D:14)
  5 hungry ghosts
  3 nagas (Lair:2)
  Menkaure (Ossuary)
  19 water moccasins
  8 porcupines
  Edmund (D:5)
  2 hell hounds (Lair:6)
  2 acid dragons
  2 floating eyes (D:11)
  6 ice beasts
  A necrophage (D:9)
  10 orc warriors
  5 phantoms
  4 black bears
  2 ogres
  4 wolves (Lair:4)
  4 sky beasts
  3 boggarts (D:14)
  10 centaurs
  10 crocodiles
  5 big kobolds
  Blork the orc (D:6)
  19 bullfrogs
  An elf skeleton (D:5)
  3 scorpions
  4 killer bees
  4 electric eels
  3 wights (D:7)
  5 howler monkeys
  5 crimson imps
  8 jellies
  A quasit (D:11)
  A bullfrog zombie (D:13)
  9 orc priests
  12 hounds
  10 orc wizards
  3 bullfrog skeletons
  Ijyb (D:3)
  5 iguanas
  14 worker ants
  2 hell rats (D:8)
  2 hound zombies (D:4)
  3 mummies (Ossuary)
  3 hound skeletons
  3 worker ant zombies
  2 howler monkey skeletons
  A gnoll (D:1)
  10 adders
  A river rat (D:8)
  3 shadow imps
  3 oozes
  2 adder skeletons (D:9)
  2 adder zombies
  3 worms
  4 dart slugs
  6 leopard geckos
  52 orcs
  A ball python (D:3)
  5 giant cockroaches
  5 gnoll zombies (Ossuary)
  4 hobgoblins
  13 jackals
  13 kobolds
  6 quokkas
  6 bats
  6 frilled lizards
  A giant cockroach zombie (D:4)
  4 gnoll skeletons (Ossuary)
  4 goblins
  2 goblin skeletons (Ossuary)
  4 goblin zombies (Ossuary)
  2 hobgoblin skeletons (Ossuary)
  2 hobgoblin zombies (Ossuary)
  A jackal skeleton (D:4)
  5 kobold skeletons (Ossuary)
  4 kobold zombies (Ossuary)
  2 leopard gecko zombies
  2 orc skeletons (D:5)
  3 orc zombies (D:5)
  2 quokka zombies (D:7)
  9 rats
  2 rat skeletons (Ossuary)
  2 rat zombies (Ossuary)
  A fungus (Lair:6)
641 creatures vanquished.

Vanquished Creatures (collateral kills)
  An ogre (D:11)
  An orc priest (D:13)
  An orc wizard (D:7)
  An orc (D:13)
4 creatures vanquished.

Vanquished Creatures (others)
  2 dancing weapons (D:14)
  A gnoll skeleton (Ossuary)
  3 hobgoblin skeletons (Ossuary)
  2 hobgoblin zombies (Ossuary)
  A kobold skeleton (Ossuary)
  3 kobold zombies (Ossuary)
  An orc skeleton (Ossuary)
  2 orc zombies (Ossuary)
  4 rat skeletons (Ossuary)
  A rat zombie (Ossuary)
  A fungus (Lair:6)
  3 plants
  A spectral weapon (D:15)
  4 withered plants (D:15)
29 creatures vanquished.

Grand Total: 674 creatures vanquished

Notes
Turn   | Place    | Note
-------+----------+-------------------------------------------
     0 | D:1      | oplop the Spriggan Enchanter began the quest for the Orb.
     0 | D:1      | Reached XP level 1. HP: 9/9 MP: 5/5
    95 | D:1      | Found an iron altar of Okawaru.
   369 | D:1      | Reached XP level 2. HP: 1/13 MP: 5/7
   385 | D:1      | Learned a level 2 spell: Ensorcelled Hibernation
  1086 | D:2      | Reached XP level 3. HP: 16/16 MP: 4/8
  1164 | D:2      | Found a blossoming altar of Fedhas.
  1403 | D:2      | Found a shadowy altar of Dithmenos.
  1570 | D:3      | Learned a level 3 spell: Confuse
  1574 | D:3      | Learned a level 3 spell: Dazzling Spray
  1579 | D:3      | Found a glowing golden altar of the Shining One.
  1590 | D:3      | Reached skill level 5 in Stealth
  1590 | D:3      | Reached XP level 4. HP: 21/21 MP: 7/10
  2102 | D:3      | Reached XP level 5. HP: 19/24 MP: 12/12
  2351 | D:3      | Noticed Ijyb
  2361 | D:3      | Killed Ijyb
  2361 | D:3      | Reached skill level 5 in Hexes
  2590 | D:3      | Reached XP level 6. HP: 25/28 MP: 14/14
  2796 | D:4      | Reached skill level 5 in Spellcasting
  2860 | D:4      | Noticed KristoblXynda's ghost (amateur DrTm)
  3304 | D:4      | Reached XP level 7. HP: 27/32 MP: 3/16
  3485 | D:4      | Reached skill level 5 in Dodging
  3889 | D:4      | Killed KristoblXynda's ghost
  4208 | D:5      | Entered Level 5 of the Dungeon
  4432 | D:5      | Noticed Edmund
  4477 | D:5      | Found a sand-covered staircase.
  4580 | Ossuary  | Entered an ossuary
  4987 | Ossuary  | Learned a level 3 spell: Tukima's Dance
  5060 | Ossuary  | Noticed Menkaure
  5085 | Ossuary  | Killed Menkaure
  5241 | D:5      | Killed Edmund
  5241 | D:5      | Reached XP level 8. HP: 36/36 MP: 13/18
  5340 | D:5      | Found a sacrificial altar of Ru.
  5345 | D:5      | Found a shattered altar of Ashenzari.
  5346 | D:5      | Found a sparkling altar of Nemelex Xobeh.
  5567 | D:1      | Became a worshipper of Warmaster Okawaru
  5974 | D:6      | Noticed Blork the orc
  5990 | D:6      | Killed Blork the orc
  6315 | D:6      | Noticed nono's ghost (novice OgFi)
  6387 | D:6      | Killed nono's ghost
  6387 | D:6      | Reached * piety under Okawaru
  6387 | D:6      | Reached XP level 9. HP: 17/39 MP: 3/22
  6527 | D:6      | Reached skill level 5 in Short Blades
  6552 | D:6      | Found Citeilearr's Antique Armour Boutique.
  6587 | D:6      | Bought an embroidered scarf for 264 gold pieces
  6612 | D:6      | Found a white marble altar of Elyvilon.
  7356 | D:7      | Reached ** piety under Okawaru
  7904 | D:7      | Reached *** piety under Okawaru
  7924 | D:7      | Reached XP level 10. HP: 34/44 MP: 5/24
  7965 | D:7      | Found a staircase to the Ecumenical Temple.
  8203 | D:7      | Found an opulent altar of Gozag.
  8284 | D:7      | Got an iridescent mace
  8285 | D:7      | Identified the cursed +2 mace "Ownecaso" {antimagic, Fragile rPois rN+ Int+5} (You found it on level 7 of the Dungeon)
  8469 | D:8      | Reached skill level 10 in Hexes
  8516 | D:8      | Noticed a death yak
  8517 | D:8      | Noticed a death yak
  8637 | D:8      | Reached skill level 10 in Spellcasting
  8803 | D:8      | Reached skill level 10 in Stealth
  8828 | D:8      | Noticed a moth of wrath
  8831 | D:8      | Found a bloodstained altar of Trog.
  9014 | D:8      | Reached skill level 1 in Fighting
  9346 | D:9      | Reached **** piety under Okawaru
  9465 | D:9      | Found an ornate altar of the Wu Jian Council.
  9650 | D:10     | Entered Level 10 of the Dungeon
  9671 | D:10     | Noticed a two-headed ogre
  9674 | D:10     | Killed a two-headed ogre
 10388 | D:10     | Reached ***** piety under Okawaru
 10413 | D:10     | Found a stormy altar of Qazlal.
 10542 | D:10     | Reached XP level 11. HP: 51/51 MP: 27/27
 10703 | D:11     | Noticed a death knight
 11163 | D:11     | Reached skill level 10 in Dodging
 11694 | D:11     | Noticed a two-headed ogre
 12063 | D:11     | Killed a two-headed ogre
 12063 | D:11     | Reached skill level 1 in Conjurations
 12085 | D:11     | Noticed a two-headed ogre
 12109 | D:11     | Killed a two-headed ogre
 12374 | D:11     | Killed a death knight
 12374 | D:11     | Received a gift from Okawaru
 12427 | D:11     | Noticed a cyan ugly thing
 12450 | D:11     | Killed a cyan ugly thing
 12858 | D:12     | Reached skill level 5 in Fighting
 13125 | D:12     | Reached ****** piety under Okawaru
 13137 | D:12     | Received a gift from Okawaru
 13137 | D:12     | Reached XP level 12. HP: 60/60 MP: 25/28
 13277 | D:12     | Reached skill level 1 in Evocations
 13376 | D:12     | Identified Dispater's Grimoire of Companions
 13439 | D:12     | Found Xigeori's Distillery.
 13558 | D:12     | Found a staircase to the Orcish Mines.
 13791 | D:12     | Reached skill level 10 in Short Blades
 14193 | D:13     | Noticed Urug
 14415 | D:8      | Found a staircase to the Lair.
 14418 | D:8      | Noticed a death yak
 14459 | D:8      | Noticed a two-headed ogre
 14467 | D:8      | Killed a two-headed ogre
 14494 | D:8      | Killed a death yak
 14494 | D:8      | Reached skill level 5 in Evocations
 14863 | D:8      | Killed a death yak
 14868 | D:8      | Killed a death yak
 15046 | Lair:1   | Entered Level 1 of the Lair of Beasts
 15046 | Lair:1   | Found a radiant altar of Vehumet.
 15079 | Lair:1   | Noticed Gastronok
 15552 | Lair:1   | Killed Gastronok
 15769 | Lair:1   | Noticed Ajdolov's ghost (novice GrGl)
 15809 | Lair:1   | Killed Ajdolov's ghost
 16280 | Lair:2   | Received a gift from Okawaru
 16311 | Lair:2   | Found a staircase to the Snake Pit.
 16519 | Lair:2   | Reached XP level 13. HP: 68/68 MP: 29/29
 17928 | Lair:3   | Learned a level 3 spell: Spectral Weapon
 17931 | Lair:3   | Learned a level 2 spell: Shroud of Golubria
 18107 | Lair:3   | Reached skill level 1 in Charms
 18147 | Lair:3   | Reached skill level 1 in Shields
 18400 | Lair:3   | oplop: ??shroud
 18400 | Lair:3   | beem: shroud of golubria[1/2]: L2 Charms/Tloc spell. Found in Book of Battle and Spatial Translocations. While in effect, the shroud protects you from some melee attacks, but the shroud is fragile and might fall apart. More damaging melee attacks have a higher chance of breaking the shroud. Basically equivalent to +10 hp on average.
 18400 | Lair:3   | oplop: ??shroud[2
 18400 | Lair:3   | beem: shroud of golubria[2/2]: It has a 2/3rds chance of attempting to block melee damage. That attempt has a dmg/(dmg+10) chance of breaking the shroud, otherwise the attack is negated. This is after AC damage reduction is applied.
 18681 | Lair:4   | Found a labyrinth entrance.
 18794 | Lair:4   | Found a staircase to the Shoals.
 18933 | Lab      | Entered a labyrinth
 19076 | Lab      | Reached skill level 10 in Evocations
 19212 | Lab      | Noticed a minotaur
 19219 | Lab      | Killed a minotaur
 19234 | Lair:4   | Wingboner: Очаровательная феечка.
 19241 | Lair:4   | Wingboner: Воен.
 19268 | Lair:4   | oplop: куку
 19269 | Lair:4   | Wingboner: DOES NOT COMPUTE
 19340 | Lair:4   | oplop: стаббер же
 19477 | Lair:4   | Wingboner: Ну, дык с Окой.
 19625 | Lair:4   | oplop: кб хотет
 19625 | Lair:4   | oplop: потом к аше какой нить
 19651 | Lair:5   | Wingboner: Смерть чистая от эрстрайка.
 19703 | Lair:5   | oplop: всмысле
 19708 | Lair:5   | Wingboner: Ну вот дропаешь ты Оку, он призывает титана, а титан кастует этот самый.
 19708 | Lair:5   | oplop: а, да ну
 19708 | Lair:5   | Wingboner: От которого не увернуться.
 19708 | Lair:5   | oplop: ни разу титанов от оки не видел
 19708 | Lair:5   | Wingboner: !lg * ikiller=titan s=ikiller
 19708 | Lair:5   | beem: 2870 games for * (ikiller=titan): 2870x a titan
 19708 | Lair:5   | Wingboner: !lg * ikiller=titan s=ktyp
 19708 | Lair:5   | beem: 2870 games for * (ikiller=titan): 1898x beam, 972x mon
 19708 | Lair:5   | Wingboner: !lg * ikiller=titan s=kaux
 19708 | Lair:5   | beem: 2870 games for * (ikiller=titan): 1256x by the air, 972x, 642x bolt of lightning
 19708 | Lair:5   | Wingboner: !lg * ikiller=titan s=kline
 19708 | Lair:5   | beem: Unknown field: kline
 19708 | Lair:5   | Wingboner: Забыл, как там правильно...
 19708 | Lair:5   | oplop: повелитель ботов, блин
 19708 | Lair:5   | Wingboner: Чтобы узнать, кто его призвал.
 19708 | Lair:5   | oplop: я вот думаю, как вообще сприггана раскачивать
 19708 | Lair:5   | oplop: чет не соображу
 19708 | Lair:5   | Wingboner: !lg * killer=titan s=ikiller
 19722 | Lair:5   | beem: 3378 games for * (killer=titan): 2870x a titan, 494x the fury of Okawaru, 11x the player character, Lom Lobon, a lich, a giant orange brain
 19723 | Lair:5   | Wingboner: Во.
 19723 | Lair:5   | Wingboner: Вспомнил.
 19723 | Lair:5   | oplop: магофеечку чтоле делать
 19723 | Lair:5   | oplop: со стабом, кек
 19760 | Lair:5   | Received a gift from Okawaru
 19764 | Lair:5   | Got an encrusted hat {god gift}
 19770 | Lair:5   | Identified the -4 hat "Yxtozeng" {MR+ MP+9} (Okawaru gifted it to you on level 5 of the Lair of Beasts)
 19770 | Lair:5   | oplop: охуенная шапка, да
 19852 | Lair:5   | Wingboner: Ну, думай. Ты ж вроде знаешь, как я единственный раз феечкой выиграл, когда надоело, что вечно помираю из-за какой-то хрени?
 19869 | Lair:5   | oplop: надел драконий армор?
 19872 | Lair:5   | Wingboner: !lg . sp won x=mhp,ac,ev,sh
 19874 | Lair:5   | beem: 1. [mhp=226;ac=52;ev=57;sh=13] casual the Conqueror (L27 SpIE of Cheibriados), escaped with the Orb and 6 runes on 2015-06-08 20:13:27, with 3436498 points after 100257 turns and 6:16:16.
 19978 | Lair:5   | Wingboner: Статуя.
 19978 | Lair:5   | oplop: лол
 20134 | Lair:5   | Reached skill level 5 in Charms
 20177 | Lair:5   | Found a viscous altar of Jiyva.
 20178 | Lair:5   | Found a staircase to the Slime Pits.
 20179 | Lair:5   | Wingboner: Такой эпичный бронеколобок получился.
 20179 | Lair:5   | oplop: радикально
 20298 | Lair:5   | oplop: о, дискорд
 20298 | Lair:5   | oplop: хоть весело будет
 20558 | Lair:5   | oplop: эвоки свитки усиливают?
 20558 | Lair:5   | Wingboner: Не.
 20564 | Lair:6   | Entered Level 6 of the Lair of Beasts
 20569 | Lair:6   | Gained mutation: You expend magic power (3 MP) to strengthen your wands. [potion of mutation]
 20569 | Lair:6   | Gained mutation: You are agile. (Dex +2) [potion of mutation]
 20569 | Lair:6   | Gained mutation: Your magical capacity is low. (-10% MP) [potion of mutation]
 20569 | Lair:6   | Gained mutation: You are very agile. (Dex +4) [potion of mutation]
 20570 | Lair:6   | Lost mutation: Your magical capacity is low. (-10% MP) [potion of mutation]
 20570 | Lair:6   | Lost mutation: You are very agile. (Dex +4) [potion of mutation]
 20570 | Lair:6   | Lost mutation: You are agile. (Dex +2) [potion of mutation]
 20570 | Lair:6   | Lost mutation: You expend magic power (3 MP) to strengthen your wands. [potion of mutation]
 20570 | Lair:6   | Gained mutation: You are surrounded by a mild repulsion field. (EV +2) [potion of mutation]
 20570 | Lair:6   | Gained mutation: You evolve. [potion of mutation]
 20570 | Lair:6   | Gained mutation: You possess an exceptional clarity of mind. [potion of mutation]
 20571 | Lair:6   | Wingboner: А там и нет никаких вроде свитков, которые могло бы усиливать.
 20571 | Lair:6   | Wingboner: Разве что иммо, но нет, там тоже статика.
 20571 | Lair:6   | oplop: холиворд, фир
 20755 | Lair:6   | Lost mutation: You evolve. [evolution]
 20792 | Lair:5   | Learned a level 3 spell: Regeneration
 20844 | Lair:6   | Identified a scroll of acquirement
 20863 | Lair:6   | Wingboner: Эх, только сейчас обратил внимание, что я пак с ехидными колобками в архив выбросил.
 20878 | Lair:6   | oplop: шо за пак
 21029 | Lair:6   | Wingboner: Ну хотел показать пик, где за пони гонится каменный ехидный колобок, вроде как подходит к той феечке.
 21029 | Lair:6   | oplop: лол
 21038 | Lair:6   | Wingboner: А все колобки в архиве. Освобождал место.
 21084 | Lair:6   | Reached XP level 14. HP: 39/75 MP: 12/30
 21349 | Lair:6   | Received a gift from Okawaru
 21355 | Lair:6   | Got a bloodstained hat {god gift}
 21366 | Lair:6   | Identified the -5 hat of Autotheism {rF- rC+ rN+ Dex+2} (Okawaru gifted it to you on level 6 of the Lair of Beasts)
 21366 | Lair:6   | oplop: ока жжот
 21366 | Lair:6   | oplop: одна шляпа "лучше" другой
 22391 | D:13     | Killed Urug
 22534 | D:13     | Wingboner: Дамкани-ка.
 22537 | D:13     | Wingboner: *дампани
 22843 | D:13     | Noticed Sonja
 22860 | D:13     | Killed Sonja
 23249 | D:13     | Found a gate to the Vaults.
 23567 | D:14     | Learned a level 6 spell: Deflect Missiles
 23953 | D:14     | Received a gift from Okawaru
 23953 | D:14     | Reached skill level 1 in Air Magic
 23958 | D:14     | oplop: надо было к трогу идти
 23996 | D:14     | oplop: этот жуебок говно дарит
 25018 | D:15     | Entered Level 15 of the Dungeon
 25018 | D:15     | Found a shattered altar of Ashenzari.
 25232 | D:15     | Found a staircase to the Depths.
 25348 | D:15     | Noticed Louise
 25381 | D:15     | Killed Louise
 25396 | D:15     | Found Kanaph's Armour Shoppe.
 25457 | D:15     | Noticed Rupert
 25556 | D:15     | Found Loramise's Book Boutique.
 25562 | D:15     | oplop: ты залип в дамп чтоле?
 25664 | D:15     | HP: 3/75 [slime creature (11)]
 26081 | D:15     | Reached XP level 15. HP: 76/79 MP: 27/31
 26195 | D:15     | jacquesderrida: Dam son
 26195 | D:15     | oplop: ща бы забыть, что это смайтопчелы
 26344 | D:15     | oplop: не, в пизду спригганов
 26363 | D:14     | oplop: лучше вайнсталкером постабаю
 26784 | D:$      | Got out of the dungeon alive.

Vault maps used:
D:1:      dpeg_arrival_windows_large_door, okawaru_ov_weapons_minmay
D:2:      cheibrodos_old_hovel, fedhas_altar_fruit_tree,
          grunt_dithmenos_smoke_and_mirrors
D:3:      first_ration, minmay_misc_feat_secret_circle,
          nicolae_tso_carved_into_rock, uniq_ijyb
D:4:      serial_undead, serial_undead_d, serial_undead_b, serial_undead_f,
          serial_undead_f, kennysheep_small_circle
D:5:      minitemple, nicolae_ossuary_entry_catacombs, uniq_edmund
D:6:      nicolae_overflow_hidden_temple, serial_shops,
          nicolae_shop_overgrown_old_shop, uniq_blork_the_orc
D:7:      nicolae_gozag_seed_capital, minmay_temple_entry_mist,
          corexii_item_surrounded_by_moat, grunt_livestock,
          kennysheep_small_spiral
D:8:      wad_cavern_with_rooms, dpeg_lair_monsters, tgw_trog
D:9:      lemuel_crystal_altar
D:10:     basic_altar
D:11:     onia_ninara_cookie
D:12:     orc_0_dummy, serial_shops, nicolae_shop_window_shopping
D:13:     grunt_vaults_entry_tiered, uniq_sonja, uniq_urug
D:14:     minivault_14
D:15:     gammafunk_depths_entry_grave, serial_shops, nicolae_shop_behind_doors,
          shop_fountains, nicolae_shop_stone, ashenzari_altar_1, uniq_louise,
          uniq_rupert
Lair:1:   lemuel_oklob_altar, serial_bayou_shore_a, serial_bayou_shore_b,
          grunt_megastairs_1, infiniplex_staircase_pool_2, uniq_gastronok
Lair:2:   minmay_snake_entry_guardpost_small, grunt_megastairs_4
Lair:3:   serial_bayou_ford_a, nzn_random_ring
Lair:4:   minmay_shoals_entry_centaurs, lab_entry_generic,
          minmay_lair_oklob_chamber
Lair:5:   beast_lair_carwin_large_4, dpeg_slime_entry_enclosed_altar,
          st_stairs_5
Lair:6:   cheibrodos_lair_end_hotspot
Lab:      nicolae_lab_flowing_pool
Ossuary:  ossuary_due_pyramid

Skill      XL: |  1  2  3  4  5  6  7  8  9 10 11 12 13 14 15 |
---------------+----------------------------------------------+-----
Spellcasting   | 3 4 5 6 8 9 11 | 11.5
Hexes          | 4 5 7 8 9 10 12 | 12.0
Stealth        | 5 6 7 8 9 11 | 11.1
Short Blades   | 2 3 4 6 7 9 10 12 | 12.4
Dodging        | 4 5 7 8 9 10 12 | 12.4
Fighting       | 2 5 8 9 |  9.2
Conjurations   | 3 4 |  4.6
Evocations     | 8 10 | 10.0
Charms         | 5 8 |  8.4
Shields        | 3 4 |  4.8
Air Magic      | 3 4 |  4.0

Action                   |  1- 3 |  4- 6 |  7- 9 | 10-12 | 13-15 || total
-------------------------+-------+-------+-------+-------+-------++-------
Melee: Dagger            |    87 |   162 |   467 |   683 |   179 ||  1578
       Rapier            |       |       |       |       |   637 ||   637
 Cast: Corona            |    10 |       |       |       |       ||    10
       Ensorcelled Hiber |    16 |     7 |    32 |    66 |   115 ||   236
       Confuse           |       |    27 |    72 |    89 |    89 ||   277
       Dazzling Spray    |       |       |     8 |    79 |   102 ||   189
       Tukima's Dance    |       |       |     4 |     4 |     8 ||    16
       Spectral Weapon   |       |       |       |       |     8 ||     8
       Regeneration      |       |       |       |       |    10 ||    10
       Shroud of Golubri |       |       |       |       |     2 ||     2
Invok: Heroism           |       |       |       |     3 |     6 ||     9
 Abil: Evoke Invisibilit |       |       |       |       |     4 ||     4
Evoke: Wand              |       |       |       |       |     2 ||     2
  Use: Scroll            |     3 |       |     3 |    15 |    10 ||    31
       Potion            |       |       |     1 |       |     2 ||     3
 Stab: Sleeping          |    17 |    14 |    29 |    89 |    97 ||   246
       Confused          |       |    10 |    43 |    61 |    70 ||   184
       Distracted        |       |       |     1 |     8 |     4 ||    13
       Invisible         |       |       |     5 |    11 |    47 ||    63
  Eat: Ration            |       |     2 |     4 |     4 |     7 ||    17
Armor: Robe              |    16 |    13 |    14 |    28 |    26 ||    97
       Steam dragon scal |       |       |       |       |    10 ||    10
Dodge: Dodged            |    78 |   101 |   314 |   364 |   611 ||  1468

Table legend:
 A = Spawn XP
 B = Non-spawn XP
 C = Spawn XP percentage of total XP
 D = Spawn monster count
 E = Non-spawn monster count
 F = Spawn count percentage of total count
 G = Total turns spent on level
                    A         B        C        D         E        F      G
               +---------+---------+-------+---------+---------+-------+---------
         Total |       0 |  105295 |   0.0 |       0 |     635 |   0.0 | 26784
               +---------+---------+-------+---------+---------+-------+---------
           D:1 |       0 |      36 |   0.0 |       0 |      12 |   0.0 |  1141
           D:2 |       0 |      46 |   0.0 |       0 |      15 |   0.0 |   527
           D:3 |       0 |     343 |   0.0 |       0 |      34 |   0.0 |  1535
           D:4 |       0 |     769 |   0.0 |       0 |      31 |   0.0 |  1441
           D:5 |       0 |     521 |   0.0 |       0 |      15 |   0.0 |   702
           D:6 |       0 |    1586 |   0.0 |       0 |      16 |   0.0 |  1432
           D:7 |       0 |    2243 |   0.0 |       0 |      37 |   0.0 |  1224
           D:8 |       0 |    5352 |   0.0 |       0 |      43 |   0.0 |  1172
           D:9 |       0 |    1334 |   0.0 |       0 |      26 |   0.0 |   834
          D:10 |       0 |    2798 |   0.0 |       0 |      24 |   0.0 |  1345
          D:11 |       0 |    8289 |   0.0 |       0 |      48 |   0.0 |  2068
          D:12 |       0 |    7854 |   0.0 |       0 |      36 |   0.0 |  1459
          D:13 |       0 |   11001 |   0.0 |       0 |      61 |   0.0 |  1089
          D:14 |       0 |    7934 |   0.0 |       0 |      32 |   0.0 |  1680
          D:15 |       0 |   13121 |   0.0 |       0 |      27 |   0.0 |  1344
        Lair:1 |       0 |    4519 |   0.0 |       0 |       9 |   0.0 |  1249
        Lair:2 |       0 |    4537 |   0.0 |       0 |      23 |   0.0 |  1108
        Lair:3 |       0 |    5138 |   0.0 |       0 |      22 |   0.0 |  1264
        Lair:4 |       0 |    2590 |   0.0 |       0 |      15 |   0.0 |   756
        Lair:5 |       0 |    8193 |   0.0 |       0 |      25 |   0.0 |   986
        Lair:6 |       0 |   15193 |   0.0 |       0 |      52 |   0.0 |  1535
           Lab |       0 |    1810 |   0.0 |       0 |       5 |   0.0 |   300
       Ossuary |       0 |      88 |   0.0 |       0 |      27 |   0.0 |   593
               +---------+---------+-------+---------+---------+-------+---------
